 Dungeon Crawl Stone Soup version 0.31.0-32-g396128a36d (webtiles) character file.

Game seed: 5382969269144171324

26009 Peloso the Fencer (level 12, -1/113 HPs)
             Began as a Minotaur Fighter on Apr 12, 2024.
             Was a High Priest of Okawaru.
             Slain by a cane toad (8 damage)
             ... on level 3 of the Lair of Beasts.
             The game lasted 00:27:12 (16821 turns).

Peloso the Fencer (Minotaur Fighter)               Turns: 16821, Time: 00:27:13

Health: -1/113     AC: 26    Str: 25 (27) XL:     12   Next: 94%
Magic:  10/12      EV: 11    Int:  4 (5)  God:    Okawaru [*****.]
Gold:   827        SH:  8    Dex: 14 (15) Spells: 11/11 levels left

rFire   . . .        b - +3 scimitar (flame)
rCold   . . .        d - +0 buckler
rNeg    . . .        g - +1 plate armour
rPois   .            (helmet restricted)
rElec   .            (no cloak)
rCorr   .            E - +1 pair of gloves {Stlth+}
SInv    .            (no boots)
Will    .....        j - amulet of the acrobat
Stlth   +            f - +6 ring of strength
HPRegen 0.38/turn    W - +4 ring of protection
MPRegen 0.13/turn

%: acrobat
@: heroic
A: horns 2, retaliatory headbutt
a: Renounce Religion, Heroism, Finesse, Duel


You were on level 3 of the Lair of Beasts.
You worshipped Okawaru.
Okawaru was extremely pleased with you.
You visited 3 branches of the dungeon, and saw 15 of its levels.

You collected 827 gold pieces.

Inventory:

Hand Weapons
 a - the +8 demon blade "Leech" {evervamp, Harm ^Drain rN+}
   (You found it on level 11 of the Dungeon)

   rN+:       It protects you from negative energy.
   ^Drain:    It drains your maximum health when unequipped.
   Harm:      It increases damage dealt and taken.
 b - a +3 scimitar of flaming (weapon)
Armour
 c - a +0 chain mail
 d - a +0 buckler (worn)
 g - a +1 plate armour (worn)
 E - a +1 pair of gloves of stealth (worn)
Jewellery
 f - a +6 ring of strength (left hand)
 j - an amulet of the acrobat (around neck)
 l - the ring of Abrys {rN+ Stlth+}
   (You found it on level 11 of the Dungeon)

   [ring of positive energy]

   rN+:       It protects you from negative energy.
   Stlth+:    It makes you more stealthy.
 x - a +6 ring of strength
 C - an amulet of magic regeneration
 F - a +5 ring of evasion
 M - a +6 ring of strength
 W - a +4 ring of protection (right hand)
Talismans
 h - a maw talisman
 s - a talisman of death
 V - a dragon-blood talisman
Wands
 o - a wand of flame (38)
 t - a wand of iceblast (7)
 A - a wand of digging (5)
 Q - a wand of polymorph (3)
 X - a wand of paralysis (3)
Scrolls
 i - 3 scrolls of fear
 k - 3 scrolls of poison
 p - a scroll of silence
 w - 3 scrolls of amnesia
 y - 2 scrolls of teleportation
 D - 2 scrolls of acquirement
 G - a scroll of enchant weapon {unknown}
 I - a scroll of blinking
 K - 5 scrolls of immolation
 O - 3 scrolls of enchant armour
 R - a scroll of brand weapon
 U - a scroll of fog
 Y - a scroll of revelation {unknown}
Potions
 e - a potion of might
 m - 2 potions of brilliance
 n - 3 potions of cancellation
 q - a potion of curing
 r - 4 potions of haste
 v - 5 potions of invisibility
 z - a potion of mutation
 H - 4 potions of lignification
 L - a potion of ambrosia
Miscellaneous
 J - a phantom mirror


   Skills:
 + Level 12.6(17.6) Fighting
 + Level 15.0(20.0) Long Blades
 + Level 14.2(19.2) Armour
 + Level 2.4(7.4) Dodging
 + Level 3.5(8.5) Stealth
 + Level 10.0(15.0) Shields
 + Level 1.6 Invocations
 + Level 1.8 Evocations


You had 11 spell levels left.
You didn't know any spells.
Your spell library contained the following spells:

 Spells                   Type           Power      Damage    Failure   Level
 Apportation              Tloc           0%         N/A       98%         1
 Necrotise                Necr           0%         1d4       98%         1
 Blink                    Tloc           0%         N/A       99%         2
 Ensorcelled Hibernation  Hex/Ice        0%         N/A       99%         2
 Jinxbite                 Hex            0%         N/A       99%         2
 Lesser Beckoning         Tloc           0%         N/A       99%         2
 Momentum Strike          Conj/Tloc      0%         3d8       99%         2
 Sublimation of Blood     Necr           0%         N/A       99%         2
 Dazzling Flash           Conj/Hex       0%         N/A       100%        3
 Fugue of the Fallen      Necr           0%         N/A       100%        3
 Gell's Gravitas          Tloc           0%         N/A       100%        3
 Sigil of Binding         Hex            0%         N/A       100%        3
 Swiftness                Air            0%         N/A       100%        3
 Teleport Other           Tloc           0%         N/A       100%        3
 Vampiric Draining        Necr           0%         2d6       100%        3
 Anguish                  Hex/Necr       0%         N/A       100%        4
 Dimensional Bullseye     Hex/Tloc       0%         N/A       100%        4
 Iskenderun's Mystic Bla  Conj/Tloc      0%         2d3       100%        4
 Manifold Assault         Tloc           0%         N/A       100%        4
 Vhi's Electric Charge    Tloc/Air       0%         N/A       100%        4
 Alistair's Intoxication  Alch           0%         N/A       100%        5
 Arcjolt                  Conj/Air       0%         1d10      100%        5
 Borgnjor's Vile Clutch   Necr/Erth      0%         N/A       100%        5
 Curse of Agony           Necr           0%         N/A       100%        5
 Yara's Violent Unravell  Hex/Alch       0%         3d3       100%        5
 Enfeeble                 Hex            0%         N/A       100%        7
 Ozocubu's Refrigeration  Ice            0%         4d7       100%        7
 Maxwell's Capacitive Co  Air            0%         ∞         100%        8
 Polar Vortex             Ice            0%         N/A       100%        9
 Call Imp                 Summ           Unusable   N/A       N/A         2
 Call Canine Familiar     Summ           Unusable   N/A       N/A         3
 Tukima's Dance           Hex            Unusable   N/A       N/A         3
 Animate Dead             Necr           Unusable   N/A       N/A         4
 Martyr's Knell           Necr/Summ      Unusable   N/A       N/A         4
 Death Channel            Necr           Unusable   N/A       N/A         6
 Sculpt Simulacrum        Ice/Alch       Unusable   N/A       N/A         6
 Summon Hydra             Summ           Unusable   N/A       N/A         7

Dungeon Overview and Level Annotations

Branches:
Dungeon (11/15)            Temple (1/1) D:4            Lair (3/5) D:9
 Shoals (0/4) Lair:2        Snake (0/4) Lair:2          Orc (0/2) D:11

Altars:
Ashenzari
Cheibriados
Dithmenos
Elyvilon
Fedhas
Gozag
Hepliaklqana
Kikubaaqudgha
Makhleb
Nemelex Xobeh
Okawaru
Qazlal
Ru
Sif Muna
Trog
Uskayaw
Vehumet
Wu Jian
Xom
Yredelemnul
Zin
The Shining One

Shops:
D:2 :   D:4 *

Annotations:
D:4 2 transporters
D:11 2 runed translucent doors


Innate Abilities, Weirdness & Mutations

You have a pair of horns on your head.
You reflexively headbutt those who attack you in melee.


Message History

Blink to where?
Press: ? - help, Dir - move target
As you read the scroll of blinking, it crumbles to dust.
You feel very sick.
You feel better. The rime drake breathes ice at you.
The icy flash freeze hits you!
* * * LOW HITPOINT WARNING * * *
You are encased in ice.
You feel better.
You feel more confident with your borrowed prowess.
The ice encasing you melts away.
The rime drake bites you but does no damage.
You hit the rime drake. You burn the rime drake.
The rime drake is almost dead.
The rime drake breathes ice at you. The icy flash freeze hits you!
* * * LOW HITPOINT WARNING * * *
You are encased in ice.
You hit the rime drake. You burn the rime drake.
Your headbutt misses the rime drake.
The rime drake is almost dead.
The rime drake bites you but does no damage.
You slice the rime drake!! You burn the rime drake.
You kill the rime drake!
Okawaru accepts your kill.
You closely miss the cane toad. The ice encasing you melts away.
The cane toad stings you but does no damage.
You completely miss the cane toad. You headbutt the cane toad!
The cane toad is lightly wounded.
You hit the cane toad. You burn the cane toad.
The cane toad is moderately wounded.
The cane toad stings you!
* * * LOW HITPOINT WARNING * * *
You slash the cane toad! You burn the cane toad!
You headbutt the cane toad, but do no damage.
The cane toad is almost dead.
The cane toad stings you!
You die...

......# .. .....## #
.....# .#..## .....#
. . ###### .. .. #
...# #.##
.....######....# ..#
##...kF@.....#
#..###.....#####....
##..#.P.PP...#.# # #
# #..........k...#.#
# ##..........F......
###.................#
##.P..............###
...............k..##
..##......$........#


You could see a cane toad and a rime drake.

Vanquished Creatures
  3 boulder beetles
  A catoblepas (D:11)
  3 two-headed ogres
  3 skeletal warriors (D:11)
  A deep troll (D:10)
  An orc knight (D:10)
  A manticore (D:8)
  An ugly thing (D:11)
  A salamander (Lair:2)
  8 elephants (Lair:1)
  A cyclops (D:11)
  3 black mambas
  7 cane toads
  4 komodo dragons
  3 rime drakes
  An efreet (D:11)
  3 trolls
  3 blink frogs (Lair:2)
  Sigmund (D:2)
  2 shadows
  6 wyverns
  7 yaks
  A wraith (D:10)
  A vampire mosquito (D:11)
  An acid dragon (D:9)
  A naga (Lair:2)
  12 water moccasins
  3 ice beasts
  4 orc warriors
  2 sky beasts (D:7)
  An ogre (D:6)
  11 centaurs
  A kobold brigand (D:8)
  10 bullfrogs
  A gnoll sergeant (D:10)
  3 scorpions
  3 wights (D:9)
  18 killer bees
  5 electric eels (D:10)
  A hound (D:5)
  2 jellies (D:5)
  2 gnoll boudas (D:8)
  4 orc priests
  A sleepcap (D:5)
  5 iguanas
  9 orc wizards
  10 gnolls (D:8)
  10 adders
  A shadow imp (D:7)
  3 white imps
  8 ufetubi
  4 dart slugs
  2 ribbon worms
  40 orcs
  8 endoplasms
  6 giant cockroaches
  7 goblins
  10 hobgoblins
  10 jackals
  9 kobolds
  3 quokkas
  12 ball pythons
  7 bats
  6 frilled lizards
  6 rats
328 creatures vanquished.

Notes
Turn   | Place    | Note
-------+----------+-------------------------------------------
     0 | D:1      | Peloso the Minotaur Fighter began the quest for the Orb.
     0 | D:1      | Reached XP level 1. HP: 19/19 MP: 0/0
   160 | D:1      | Reached XP level 2. HP: 17/27 MP: 1/1
   310 | D:1      | Reached XP level 3. HP: 30/33 MP: 2/2
   357 | D:1      | Reached skill level 3 in Long Blades
   864 | D:2      | Noticed Sigmund
  1036 | D:2      | Got the Catalogue of Turbulent Malisons
  1230 | D:3      | Reached XP level 4. HP: 41/41 MP: 3/3
  1338 | D:3      | Reached skill level 4 in Long Blades
  1559 | D:3      | Identified the +0 robe of the Snake Pit {Int+2}
  1909 | D:4      | Noticed a bullfrog
  1919 | D:4      | Killed a bullfrog
  1920 | D:4      | Reached XP level 5. HP: 47/47 MP: 4/4
  2061 | D:4      | Reached skill level 5 in Long Blades
  2186 | D:4      | Found a staircase to the Ecumenical Temple.
  2240 | D:4      | Reached XP level 6. HP: 55/55 MP: 5/5
  2268 | Temple   | Entered the Ecumenical Temple
  2282 | Temple   | Became a worshipper of Warmaster Okawaru
  2319 | D:4      | Reached skill level 5 in Fighting
  2319 | D:4      | Reached skill level 5 in Armour
  2321 | D:4      | Found a transporter.
  2370 | D:4      | Reached skill level 6 in Long Blades
  2546 | D:4      | Reached * piety under Okawaru
  2646 | D:4      | Found a transporter.
  2734 | D:4      | Found Xattamm's Elemental Accessories.
  2844 | D:2      | Found Exosuf's Book Shop.
  2929 | D:2      | Killed Sigmund
  2930 | D:2      | Reached XP level 7. HP: 51/61 MP: 6/6
  3449 | D:5      | Entered Level 5 of the Dungeon
  3789 | D:5      | Reached skill level 5 in Shields
  3998 | D:5      | Reached skill level 7 in Long Blades
  4083 | D:5      | Reached ** piety under Okawaru
  4337 | D:5      | Reached skill level 1 in Dodging
  4352 | D:5      | Reached XP level 8. HP: 59/70 MP: 7/7
  4551 | D:5      | Reached skill level 8 in Long Blades
  5007 | D:6      | Reached skill level 1 in Stealth
  5440 | D:6      | Reached skill level 9 in Long Blades
  6151 | D:7      | Reached *** piety under Okawaru
  6165 | D:7      | Reached XP level 9. HP: 69/78 MP: 8/8
  6438 | D:7      | Reached skill level 10 in Long Blades
  6698 | D:7      | Identified 2 scrolls of acquirement
  7416 | D:8      | Noticed a manticore
  7434 | D:8      | Killed a manticore
  8065 | D:9      | Noticed a boulder beetle
  8078 | D:9      | Killed a boulder beetle
  8079 | D:9      | Reached skill level 11 in Long Blades
  8217 | D:9      | Reached **** piety under Okawaru
  8218 | D:9      | Reached XP level 10. HP: 90/90 MP: 9/9
  8370 | D:9      | Found a sparkling altar of Nemelex Xobeh.
  8492 | D:9      | Noticed a two-headed ogre
  8499 | D:9      | Killed a two-headed ogre
  8628 | D:9      | Found a staircase to the Lair.
  8865 | D:9      | Reached skill level 12 in Long Blades
  9304 | D:10     | Entered Level 10 of the Dungeon
  9502 | D:10     | Noticed a two-headed ogre
  9513 | D:10     | Killed a two-headed ogre
  9513 | D:10     | Reached ***** piety under Okawaru
  9514 | D:10     | Reached skill level 10 in Armour
  9824 | D:10     | Received a gift from Okawaru
 10138 | D:10     | Reached XP level 11. HP: 38/97 MP: 10/10
 10455 | D:10     | Identified the +6 rapier of Oxuilas {freeze, rC- Int+8}
 10601 | D:10     | Noticed a two-headed ogre
 10615 | D:10     | Killed a two-headed ogre
 10616 | D:10     | Reached skill level 13 in Long Blades
 10616 | D:10     | Reached skill level 1 in Evocations
 11034 | D:10     | Noticed a deep troll
 11041 | D:10     | Killed a deep troll
 11041 | D:10     | Received a gift from Okawaru
 11122 | D:11     | Found a runed translucent door.
 11122 | D:11     | Noticed a centaur warrior
 11123 | D:11     | Found a runed translucent door.
 11123 | D:11     | Noticed an arcanist
 11124 | D:11     | Found the +8 demon blade "Leech" {evervamp, Harm ^Drain
                  | rN+}
 11137 | D:11     | Noticed a boulder beetle
 11137 | D:11     | Noticed a catoblepas
 11137 | D:11     | Noticed an orc knight
 11137 | D:11     | Noticed a purple ugly thing
 11162 | D:11     | Killed a boulder beetle
 11163 | D:11     | Reached skill level 1 in Invocations
 11170 | D:11     | Killed a catoblepas
 11180 | D:11     | Killed a purple ugly thing
 11197 | D:10     | Killed an orc knight
 11518 | D:11     | Reached skill level 10 in Fighting
 11628 | D:11     | Identified the ring of Abrys {rN+ Stlth+}
 11648 | D:11     | Identified the +0 hand axe of Malum Prohibitum {flame,
                  | SInv}
 11664 | D:11     | Identified the +9 quick blade "Qoro" {pain, rC+++}
 11670 | D:11     | Got the Folio of the Map and Mortification
 11835 | D:11     | Noticed a skeletal warrior
 11859 | D:11     | Killed a skeletal warrior
 12072 | D:11     | Noticed a skeletal warrior
 12095 | D:11     | Killed a skeletal warrior
 12308 | D:11     | Noticed a skeletal warrior
 12329 | D:11     | Killed a skeletal warrior
 12330 | D:11     | Reached skill level 14 in Long Blades
 12484 | D:11     | Noticed a boulder beetle
 12505 | D:11     | Killed a boulder beetle
 12683 | D:11     | Found a staircase to the Orcish Mines.
 13135 | Lair:1   | Entered Level 1 of the Lair of Beasts
 13268 | Lair:1   | Reached XP level 12. HP: 86/108 MP: 12/12
 13528 | Lair:1   | Received a gift from Okawaru
 14132 | Lair:1   | Received a gift from Okawaru
 15282 | Lair:2   | Found a staircase to the Shoals.
 15533 | Lair:2   | Received a gift from Okawaru
 15749 | Lair:2   | Reached ****** piety under Okawaru
 15909 | Lair:2   | Reached skill level 10 in Shields
 16448 | Lair:2   | Found a staircase to the Snake Pit.
 16709 | Lair:3   | Reached skill level 15 in Long Blades
 16821 | Lair:3   | Slain by a cane toad

Illustrated notes

Levels and vault maps discovered:
D:1:      minmay_arrival_pointy, layout_basic, minmay_pentomino_w2
D:2:      layout_basic, serial_shops, nicolae_book_shop_shelving,
          grunt_ministairs_8, st_stairs_4, uniq_sigmund
D:3:      layout_rooms, kennysheep_generic_room_12
D:4:      gammafunk_steamed_eel, layout_loops_ring,
          minmay_temple_entry_statues_pillars, nicolae_elemental_shop
D:5:      minmay_razor_zed, layout_basic
D:6:      layout_cave_pools, dk_vineyard_3
D:7:      layout_rooms, minmay_misc_feat_tiny
D:8:      layout_basic, serial_library_hellmonk_h_bend,
          minmay_misc_feat_ornament, kennysheep_generic_room_8
D:9:      layout_loops_corners, nemelex_spade_bored_becter, lair_entry_dummy
D:10:     dreamdust_cave_troll, layout_basic, minmay_fractal_squares_diagonal_5
D:11:     minmay_the_grid_triangle_9x9_rhombus_thin_mashed
          [minmay_the_grid_triangle_9x9_tough_junction,
          minmay_the_grid_triangle_9x9_prize_insulated,
          minmay_the_grid_triangle_9x9_cache,
          minmay_the_grid_triangle_9x9_swiss_cheese], layout_stronghold,
          orc_0_dummy, minivault_10
Temple:   regret_index_temple_sigil_plot
Lair:1:   layout_cave_pods, grunt_megastairs_2
Lair:2:   layout_regular_city, minmay_shoals_entry_centaurs,
          alex1729_snake_entry_snake, st_stairs_3, grunt_megastairs_1
Lair:3:   layout_gridlike, nicolae_volcano_entry_s_turn, lemuel_fruit_fields

Skill      XL: |  1  2  3  4  5  6  7  8  9 10 11 12 |
---------------+-------------------------------------+-----
Armour         | 4 5 6 7 9 10 12 14 | 14.2
Fighting       | 4 5 6 8 9 10 12 | 12.6
Long Blades    | 3 4 5 6 7 9 11 12 14 15 | 15.0
Shields        | 4 5 7 8 10 | 10.0
Dodging        | 1 2 |  2.4
Stealth        | 1 3 |  3.5
Evocations     | 1 |  1.8
Invocations    | 1 |  1.6

Action                     |  1- 3 |  4- 6 |  7- 9 | 10-12 || total
---------------------------+-------+-------+-------+-------++-------
  Melee: Long sword        |   108 |   131 |   322 |   224 ||   785
         Headbutt          |    14 |    21 |    68 |   167 ||   270
         Scimitar          |       |       |       |   346 ||   346
 Invoke: Heroism           |       |       |     3 |    10 ||    13
  Evoke: Wand              |       |       |     4 |     8 ||    12
    Use: Scroll            |     2 |     1 |    10 |     8 ||    21
         Potion            |     1 |       |     3 |    10 ||    14
   Stab: Petrified         |       |       |       |     9 ||     9
 Armour: Scale mail        |    14 |       |       |       ||    14
         Chain mail        |    42 |       |       |       ||    42
         Plate armour      |    13 |   132 |   265 |   410 ||   820
  Dodge: Dodged            |    51 |    51 |   180 |   257 ||   539
  Block: Buckler           |    35 |    28 |   116 |   149 ||   328
